 Dungeon Crawl Stone Soup version 0.20.0-4-g10b340a (webtiles) character file.

18588 skittles the Arsonist (level 12, -1/101 HPs)
             Began as a Red Draconian Fire Elementalist on May 27, 2017.
             Was a High Priest of Vehumet.
             Slain by a manticore (16 damage)
             ... on level 12 of the Dungeon.
             The game lasted 01:08:49 (17372 turns).

skittles the Arsonist (DrFE)                       Turns: 17372, Time: 01:08:50

Health: -1/101     AC: 12    Str: 10    XL:     12   Next: 29%
Magic:  11/19      EV: 15    Int: 20    God:    Vehumet [*****.]
Gold:   905        SH:  0    Dex: 16    Spells: 0/21 levels left

rFire    + . .     SeeInvis .   a - +7 quarterstaff of Trial by Ordeal {speed, rElec rF- MR+ Dex+3}
rCold    . . .     Gourm    .   (shield currently unavailable)
rNeg     . . .     Faith    +   (armour unavailable)
rPois    +         Spirit   .   (helmet restricted)
rElec    +         Reflect  .   Q - +1 cloak {MR+}
rCorr    .         Harm     .   P - +0 pair of gloves
MR       ++...                  S - +0 pair of boots
Stlth    ++........             Y - amulet of faith
Regen    0.3/turn               g - ring of fire
MPRegen  0.2/turn               Z - ring of protection from cold

@: barbed spikes
A: breathe fire, unfitting armour, fire resistance 1, poison resistance,
electricity resistance, cold-blooded, AC +8
a: Breathe Fire, Renounce Religion


You were on level 12 of the Dungeon.
You worshipped Vehumet.
Vehumet was extremely pleased with you.
You were not hungry.

You visited 2 branches of the dungeon, and saw 13 of its levels.

You collected 1050 gold pieces.
You spent 145 gold pieces at shops.

Inventory:

Hand Weapons
 a - the +7 quarterstaff of Trial by Ordeal (weapon) {speed, rElec rF- MR+ Dex+3}
   (You found it on level 4 of the Dungeon)

   Attacks with this weapon are significantly faster.
   It affects your dexterity (+3).
   It makes you vulnerable to fire.
   It insulates you from electricity.
   It affects your resistance to hostile enchantments.
 I - a +0 trident
Missiles
 n - 6 poisoned javelins (quivered)
Armour
 P - a +0 pair of gloves (worn)
 Q - a +1 cloak of magic resistance (worn)
 S - a +0 pair of boots (worn)
Magical Staves
 b - an uncursed staff of energy
Jewellery
 g - a ring of fire (left hand)
 r - an uncursed ring of ice
 t - a +2 ring of strength
 J - an uncursed ring of protection from fire
 N - an uncursed ring of see invisible
 Y - an amulet of faith (around neck)
 Z - a ring of protection from cold (right hand)
Wands
 z - a wand of iceblast (7/15)
 A - a wand of acid (5/15)
Scrolls
 c - 4 scrolls of noise {unknown}
 e - 5 scrolls of remove curse {unknown}
 i - 2 scrolls of magic mapping {unknown}
 j - 2 scrolls of teleportation
 o - 2 scrolls of blinking
 p - 2 scrolls of recharging {unknown}
 q - 3 scrolls of immolation {unknown}
 s - 4 scrolls of amnesia {unknown}
 u - 3 scrolls of random uselessness {unknown}
 x - 2 scrolls of fog
 H - a scroll of holy word {unknown}
 O - 3 scrolls of enchant weapon {unknown}
 T - 2 scrolls of enchant armour {unknown}
 U - 2 scrolls of fear {unknown}
 X - a scroll of brand weapon {unknown}
Potions
 d - 3 potions of brilliance
 f - 5 potions of flight
 h - a potion of agility {unknown}
 m - 2 potions of lignification
 w - 2 potions of cancellation
 B - a potion of curing
 E - a potion of might {unknown}
 L - a potion of mutation
Books
 D - a book of Flames

   Spells                             Type                      Level
   a - Flame Tongue                   Conjuration/Fire             1
   b - Throw Flame                    Conjuration/Fire             2
   c - Conjure Flame                  Conjuration/Fire             3
   d - Inner Flame                    Hexes/Fire                   3
   e - Sticky Flame                   Conjuration/Fire             4
   f - Fireball                       Conjuration/Fire             5
 F - a book of Cantrips

   Spells                             Type                      Level
   a - Confusing Touch                Hexes                        1
   b - Animate Skeleton               Necromancy                   1
   c - Summon Small Mammal            Summoning                    1
   d - Apportation                    Translocation                1
 M - a book of Debilitation

   Spells                             Type                      Level
   a - Corona                         Hexes                        1
   b - Slow                           Hexes                        2
   c - Inner Flame                    Hexes/Fire                   3
   d - Portal Projectile              Hexes/Translocation          3
   e - Cause Fear                     Hexes                        4
   f - Leda's Liquefaction            Hexes/Earth                  4
Comestibles
 k - 15 chunks of flesh
 l - 6 meat rations
 v - 2 royal jellies
 G - 14 bread rations
 R - 20 fruits


   Skills:
 - Level 8.0 Fighting
 + Level 9.7 Staves
 + Level 5.1 Dodging
 - Level 1.7 Stealth
 + Level 5.3 Spellcasting
 + Level 10.3 Conjurations
 + Level 12.7 Fire Magic


You couldn't memorise any spells.
You knew the following spells:

 Your Spells              Type           Power        Failure   Level  Hunger
a - Flame Tongue          Conj/Fire      #####        1%          1    None
b - Conjure Flame         Conj/Fire      ######..     1%          3    ##.....
c - Sticky Flame          Conj/Fire      ######..     1%          4    ####...
d - Fireball              Conj/Fire      ######....   1%          5    #####..
e - Searing Ray           Conj           #####.       1%          2    None
f - Apportation           Tloc           #.....       11%         1    None
g - Bolt of Magma         Conj/Fire/Erth ######....   3%          5    #####..


Dungeon Overview and Level Annotations

Branches:
Dungeon (12/15)            Temple (1/1) D:5            Lair (0/6) D:10
    Orc (0/2) D:12

Altars:
Ashenzari
Cheibriados
Dithmenos
Elyvilon
Fedhas
Gozag
Hepliaklqana
Kikubaaqudgha
Makhleb
Nemelex Xobeh
Okawaru
Qazlal
Ru
Sif Muna
Trog
Uskayaw
Vehumet
Yredelemnul
Zin
The Shining One

Shops:
D:5 ?


Innate Abilities, Weirdness & Mutations

You can breathe blasts of fire.
Your fiery red scales are hard. (AC +8)
You cannot fit into any form of body armour.
Your flesh is heat resistant. (rF+)
You are cold-blooded and may be slowed by cold attacks.
Your system is resistant to poisons. (rPois)
You are resistant to electric shocks. (rElec)


Message History

The manticore claws you!
* * * LOW HITPOINT WARNING * * *
You hit the manticore.
The manticore is almost dead.
The manticore burns!
Casting: Flame Tongue
Confirm with . or Enter, or press ? or * to list all spells.
Aiming: Flame Tongue
Press: ? - help, Shift-Dir - straight line, f/p - manticore
Aim: a manticore (almost dead, covered in liquid flames)
You feel a surge of power!
The flame tongue hits the manticore.
The manticore appears unharmed.
The manticore is almost dead.
The manticore burns!
The manticore stops burning.
The manticore barely misses you. The manticore claws you!
* * * LOW HITPOINT WARNING * * *
The manticore claws you.
* * * LOW HITPOINT WARNING * * *
You feel better. The manticore bites you!
You die...

###.#......##.....#
#......#.....
##.#########.###.###.####...##.#
#...# #.# #.....# ######.# #..(#
#.###.##### #..
#...########.....###### ##.
#.....................# #.
##...###.#.#............ ##
...........#....H.......
................@.......
..)..................... ##
.....###.#.............. #.
...............#.......# #.
.....#######....######## #.
.....# #....# #† .....# ####.#
######## #. .)..## ###.#
#......#######. [....###
##.#.###..#.#.#.......


You could see a manticore.

Vanquished Creatures
  Nessos (D:12)
  A death knight (D:7)
  3 two-headed ogres
  Sonja (D:11)
  The ghost of Aelig the Martial Artist, a novice DsGl of Qazlal (D:8)
  An unseen horror (D:12)
  Pikel (D:5)
  An ugly thing (D:11)
  A cyclops (D:12)
  A centaur zombie (D:7)
  Maurice (D:8)
  2 gargoyles
  A komodo dragon (D:10)
  A tengu conjurer (D:10)
  2 trolls
  A hippogriff (D:8)
  Sigmund (D:5)
  14 yaks
  2 wyverns
  A basilisk (D:7)
  2 steam dragons (D:9)
  An acid dragon (D:8)
  A water moccasin (D:6)
  9 orc warriors
  2 ice beasts
  5 black bears
  An eye of draining (D:12)
  3 necrophages
  3 sky beasts
  4 phantoms
  6 ogres
  10 centaurs
  A big kobold (D:7)
  5 bullfrogs
  A gnoll sergeant (D:11)
  6 scorpions
  6 killer bees (D:11)
  4 howler monkeys
  5 crimson imps
  2 bullfrog zombies
  2 bullfrog skeletons
  4 jellies
  2 orc priests
  12 hounds
  A quasit (D:6)
  A gnoll shaman (D:7)
  A centaur skeleton (D:7)
  Natasha (thrice) (D:2)
  2 iguanas (D:6)
  8 orc wizards
  7 worker ants
  A killer bee zombie (D:7)
  A howler monkey zombie (D:10)
  3 worker ant zombies
  20 adders
  15 gnolls
  7 shadow imps
  3 oozes
  2 adder zombies (D:8)
  4 worms (D:2)
  4 dart slugs
  9 leopard geckos
  43 orcs
  4 giant cockroaches
  3 goblins
  7 hobgoblins
  18 jackals
  13 kobolds
  3 quokkas
  3 ball pythons
  10 bats
  5 frilled lizards
  A giant cockroach zombie (D:5)
  A quokka skeleton (D:8)
  12 rats
  A fungus (D:4)
351 creatures vanquished.

Vanquished Creatures (others)
  A hydra (D:10)
  An eye of draining (D:10)
  2 bullfrog skeletons (D:10)
  An ooze (D:5)
  12 plants (D:10)
17 creatures vanquished.

Grand Total: 368 creatures vanquished

Notes
Turn   | Place    | Note
-------+----------+-------------------------------------------
     0 | D:1      | skittles the Draconian Fire Elementalist began the quest for the Orb.
     0 | D:1      | Reached XP level 1. HP: 14/14 MP: 3/3
   382 | D:1      | Reached XP level 2. HP: 14/22 MP: 0/5
  1066 | D:2      | Reached XP level 3. HP: 27/27 MP: 0/6
  1243 | D:2      | Reached skill level 1 in Fighting
  1433 | D:2      | Noticed Natasha
  1438 | D:2      | Killed Natasha
  1438 | D:2      | Reached XP level 4. HP: 32/35 MP: 3/7
  1645 | D:2      | Learned a level 3 spell: Conjure Flame
  1852 | D:2      | Noticed Natasha
  1875 | D:2      | Killed Natasha
  1875 | D:2      | Reached skill level 4 in Fire Magic
  1875 | D:2      | Reached XP level 5. HP: 26/41 MP: 0/8
  2740 | D:2      | Noticed Natasha
  2744 | D:2      | Killed Natasha
  3540 | D:3      | Reached XP level 6. HP: 50/50 MP: 3/9
  3776 | D:3      | Found a hazy altar of Hepliaklqana.
  4061 | D:4      | Learned a level 4 spell: Sticky Flame
  4124 | D:4      | Found an iron altar of Okawaru.
  4156 | D:4      | Your scales start taking on a fiery red colour.
  4156 | D:4      | Reached skill level 5 in Fire Magic
  4156 | D:4      | Reached XP level 7. HP: 42/57 MP: 3/10
  4156 | D:4      | Gained mutation: Your flesh is heat resistant. (rF+) [Red Draconian growth]
  4265 | D:4      | Found an ancient bone altar of Kikubaaqudgha.
  4506 | D:4      | Found a sacrificial altar of Ru.
  4556 | D:4      | Got a jewelled quarterstaff
  4557 | D:4      | Identified the +7 quarterstaff of Trial by Ordeal {speed, rElec rF- MR+ Dex+3} (You found it on level 4 of the Dungeon)
  4573 | D:4      | Found a deep blue altar of Sif Muna.
  4648 | D:5      | Entered Level 5 of the Dungeon
  4669 | D:5      | Noticed Sigmund
  4740 | D:5      | Killed Sigmund
  4740 | D:5      | Reached skill level 1 in Staves
  4740 | D:5      | Reached skill level 6 in Fire Magic
  4797 | D:5      | Noticed Pikel
  4830 | D:5      | Killed Pikel
  4830 | D:5      | Reached XP level 8. HP: 35/67 MP: 1/12
  5147 | D:5      | Found Ocvuhou's Magic Scroll Emporium.
  5155 | D:5      | Bought a scroll of fog for 20 gold pieces
  5155 | D:5      | Bought a scroll of teleportation for 30 gold pieces
  5155 | D:5      | Bought a scroll of blinking for 75 gold pieces
  5155 | D:5      | Bought a scroll of identify for 20 gold pieces
  5158 | D:5      | Gained mutation: You are resistant to electric shocks. (rElec) [potion of mutation]
  5158 | D:5      | Gained mutation: Your system is resistant to poisons. (rPois) [potion of mutation]
  5183 | D:5      | Found a shattered altar of Ashenzari.
  5507 | D:5      | Found a staircase to the Ecumenical Temple.
  5516 | Temple   | Entered the Ecumenical Temple
  5560 | Temple   | Became a worshipper of Vehumet
  5643 | D:6      | Reached skill level 5 in Fighting
  5643 | D:6      | Reached skill level 7 in Fire Magic
  5708 | D:6      | Found a snail-covered altar of Cheibriados.
  5709 | D:6      | Found a hide-covered altar of Uskayaw.
  5737 | D:6      | Reached skill level 5 in Conjurations
  5826 | D:6      | Learned a level 5 spell: Fireball
  5882 | D:6      | Found a blossoming altar of Fedhas.
  6076 | D:6      | Reached XP level 9. HP: 68/74 MP: 10/15
  6365 | D:7      | Reached * piety under Vehumet
  6365 | D:7      | Offered knowledge of Shock by Vehumet.
  6506 | D:7      | Reached skill level 8 in Fire Magic
  7019 | D:7      | Reached skill level 5 in Staves
  7220 | D:7      | Found a sparkling altar of Nemelex Xobeh.
  7425 | D:8      | Noticed Aelig's ghost (novice DsGl)
  7646 | D:7      | Reached skill level 9 in Fire Magic
  8735 | D:7      | Reached XP level 10. HP: 54/85 MP: 5/16
  8945 | D:8      | Noticed a two-headed ogre
  9158 | D:8      | Killed a two-headed ogre
  9159 | D:8      | Noticed Maurice
  9161 | D:8      | Noticed a two-headed ogre
  9500 | D:8      | Killed a two-headed ogre
  9734 | D:7      | Reached ** piety under Vehumet
  9744 | D:7      | Offered knowledge of Searing Ray by Vehumet.
  9764 | D:7      | Noticed a death knight
 10010 | D:8      | Reached skill level 10 in Fire Magic
 10132 | D:7      | Killed a death knight
 10441 | D:7      | Noticed a gargoyle
 11302 | D:8      | Killed Maurice
 11445 | D:7      | Killed a gargoyle
 11445 | D:7      | Reached XP level 11. HP: 48/94 MP: 3/17
 11816 | D:8      | Killed Aelig's ghost
 12070 | D:9      | Learned a level 2 spell: Searing Ray
 12113 | D:9      | Offered knowledge of Ignite Poison by Vehumet.
 12132 | D:9      | Noticed a two-headed ogre
 12146 | D:9      | Killed a two-headed ogre
 12146 | D:9      | Reached skill level 11 in Fire Magic
 12788 | D:9      | Reached *** piety under Vehumet
 12879 | D:10     | Entered Level 10 of the Dungeon
 13135 | D:10     | Noticed a six-headed hydra
 13522 | D:10     | Noticed a two-headed ogre
 13525 | D:10     | Noticed a five-headed hydra
 13577 | D:10     | Found a glowing silver altar of Zin.
 13600 | D:10     | Noticed an orc knight
 13916 | D:10     | Found a staircase to the Lair.
 13986 | D:10     | Offered knowledge of Olgreb's Toxic Radiance by Vehumet.
 14426 | D:10     | Killed a five-headed hydra
 14951 | D:11     | Noticed a green ugly thing
 14975 | D:11     | Killed a green ugly thing
 15209 | D:11     | Learned a level 1 spell: Apportation
 15221 | D:11     | Noticed Sonja
 15228 | D:11     | Killed Sonja
 15228 | D:11     | Reached skill level 12 in Fire Magic
 15544 | D:11     | Reached **** piety under Vehumet
 15884 | D:12     | Offered knowledge of Dazzling Spray by Vehumet.
 15971 | D:12     | Found a staircase to the Orcish Mines.
 16082 | D:12     | Reached skill level 10 in Conjurations
 16084 | D:12     | Noticed Nessos
 16495 | D:12     | Reached XP level 12. HP: 90/101 MP: 10/19
 16626 | D:12     | Killed Nessos
 16998 | D:12     | Reached skill level 5 in Spellcasting
 17070 | D:12     | Reached ***** piety under Vehumet
 17070 | D:12     | Offered knowledge of Bolt of Magma by Vehumet.
 17077 | D:12     | Learned a level 5 spell: Bolt of Magma
 17315 | D:12     | Reached skill level 5 in Dodging
 17372 | D:12     | Slain by a manticore

Skill      XL: |  1  2  3  4  5  6  7  8  9 10 11 12 |
---------------+-------------------------------------+-----
Dodging        | 2 3 4 5 |  5.1
Fighting       | 1 2 3 4 5 7 8 |  8.0
Conjurations   | 2 3 4 5 6 8 10 | 10.3
Fire Magic     | 4 5 6 7 9 10 12 | 12.7
Staves         | 2 4 5 7 9 |  9.7
Spellcasting   | 3 4 5 |  5.3
Stealth        | |  1.7

Action                   |  1- 3 |  4- 6 |  7- 9 | 10-12 || total
-------------------------+-------+-------+-------+-------++-------
Melee: Club              |    47 |   108 |       |       ||   155
       Unarmed           |    13 |       |       |       ||    13
       Tailslap          |     3 |    16 |    13 |    34 ||    66
       Dagger            |       |    66 |     2 |       ||    68
       Quarterstaff      |       |       |   147 |   259 ||   406
       Flail             |       |       |     4 |       ||     4
 Cast: Flame Tongue      |    25 |    93 |   137 |   272 ||   527
       Sticky Flame      |       |       |    17 |    56 ||    73
       Conjure Flame     |       |       |     1 |    11 ||    12
       Searing Ray       |       |       |       |     1 ||     1
 Abil: Breathe Fire      |       |       |     1 |     7 ||     8
  Use: Scroll            |       |       |     5 |     5 ||    10
       Potion            |       |       |     1 |     6 ||     7
 Stab: Sleeping          |     1 |     3 |     2 |     5 ||    11
  Eat: Chunk             |     2 |    11 |    12 |    33 ||    58
       Royal jelly       |       |       |     2 |     1 ||     3
       Fruit             |       |       |     1 |     4 ||     5
Armor: Skin              |    29 |    64 |    50 |   116 ||   259
Dodge: Dodged            |    69 |   194 |   162 |   338 ||   763
